 Dungeon Crawl Stone Soup version 0.29.1-15-g9cfb28693d (webtiles) character file.

Game seed: 2527100055743326247

52 promet the Magician (level 3, 0/30 HPs)
             Began as a Deep Elf Hedge Wizard on Mar 7, 2023.
             Succumbed to an adder's poison
             ... on level 2 of the Dungeon.
             The game lasted 00:05:53 (2791 turns).

promet the Magician (Deep Elf Hedge Wizard)         Turns: 2791, Time: 00:05:53

Health: 0/30       AC: 21    Str:  7    XL:     3   Next: 60%
Magic:  6/11       EV:  2    Int: 20    God:
Gold:   135        SH:  0    Dex: 14    Spells: 5/11 levels left

rFire   . . .      SeeInvis .   a - +1 mace (holy)
rCold   . . .      Faith    .   (no shield)
rNeg    . . .      Spirit   .   (body armour currently unavailable)
rPois   +          Reflect  .   (helmet currently unavailable)
rElec   .          Harm     .   (cloak currently unavailable)
rCorr   .          Rampage  .   (gloves currently unavailable)
Will    .....      NoTele   +   (boots currently unavailable)
Stlth   ++........              (no amulet)
HPRegen 0.10/turn               (no ring)
MPRegen 0.12/turn               (no ring)

@: lethally poisoned (0 -> -8), tree-form
A: stationary, stasis, torment immunity, boosted hp
a: no special abilities


You were on level 2 of the Dungeon.
You were a tree.
You visited 1 branch of the dungeon, and saw 2 of its levels.

You collected 135 gold pieces.

Inventory:

Hand Weapons
 a - a +1 mace of holy wrath (weapon)
 k - a +0 dagger
 n - a +0 trident
Missiles
 m - 5 boomerangs
Armour
 b - a +0 robe (melded)
 c - a +0 hat (melded)
 l - a +0 helmet
Scrolls
 g - 3 scrolls of teleportation {unknown}
 i - a scroll of identify
 j - a scroll of fear {unknown}
Potions
 d - a potion of magic
 e - a potion of mutation
 h - 2 potions of heal wounds


   Skills:
 + Level 0.8 Fighting
 + Level 0.4 Short Blades
 + Level 0.1 Maces & Flails
 + Level 3.1 Dodging
 + Level 3.5 Stealth
 + Level 4.8 Spellcasting
 + Level 1.2 Conjurations
 + Level 1.1 Summonings
 + Level 1.1 Translocations


You had 5 spell levels left.
You knew the following spells:

 Your Spells              Type           Power      Damage    Failure   Level
a - Magic Dart            Conj           36%        1d4       7%          1
b - Blink                 Tloc           18%        N/A       12%         2
c - Call Imp              Summ           9%         N/A       12%         2
d - Slow                  Hex            16%        N/A       12%         1

Your spell library contained the following spells:

 Spells                   Type           Power      Damage    Failure   Level
 Conjure Flame            Conj/Fire      7%         6-21      28%         3
 Mephitic Cloud           Conj/Pois/Air  6%         N/A       30%         3
 Confusing Touch          Hex            4%         N/A       34%         3
 Vampiric Draining        Necr           4%         2d6       34%         3


Dungeon Overview and Level Annotations

Branches:
Dungeon (2/15)

Altars:


Message History

The adder poisons you!
Unknown command.
Casting: Call Imp (safe; 12% risk of failure)
Confirm with . or Enter, or press ? or * to list all spells.
A shadowy apparition takes form in the air.
You feel sick. The adder bites you. The adder closely misses you.
Casting: Call Imp (safe; 12% risk of failure)
Confirm with . or Enter, or press ? or * to list all spells.
Aiming: Magic Dart (safe; 7% risk of failure)
Press: ? - help, Shift-Dir - straight line, f - adder
Aim: an adder (ally target, 100% to hit)
The magic dart hits the adder.
The adder is moderately wounded.
You feel sick. The adder misses you.
Casting: Magic Dart (safe; 7% risk of failure)
Confirm with . or Enter, or press ? or * to list all spells.
Aiming: Magic Dart (safe; 7% risk of failure)
Press: ? - help, Shift-Dir - straight line, f/p - adder
Aim: an adder (moderately wounded, ally target, 100% to hit)
The magic dart hits the adder.
The adder is severely wounded.
* * * LOW HITPOINT WARNING * * *
You feel sick. The adder bites you.
* * * LOW HITPOINT WARNING * * *
You are more poisoned.
The adder poisons you!
Your shadow imp barely misses the adder.
Casting: Magic Dart (safe; 7% risk of failure)
Confirm with . or Enter, or press ? or * to list all spells.
Aiming: Magic Dart (safe; 7% risk of failure)
Press: ? - help, Shift-Dir - straight line, f/p - adder
Aim: an adder (severely wounded, ally target, 100% to hit)
The magic dart hits the adder.
You kill the adder!
* * * LOW HITPOINT WARNING * * *
You feel sick.
It was a potion of lignification.
You turn into a tree.
Your +0 hat melds into your body.
Your +0 robe melds into your body.
Your roots penetrate the ground.
You die...

####### ###################
#.....####.................#
........##.###############.######
..#.......†# #..........).....#
..#.#.#.#### #.####..###.####.#
......#.# #♣# #..# #.# #.#
.##.###........5.# #..# #.# #.#
5.#.# ############ #..###.####.#
....# ######...##......# ..#####
..........######..# ......#
.######...######..# .####.#
#.<.........# .# # ##########.##
.###... #.#


You could see a friendly shadow imp (summoned).

Vanquished Creatures
  2 adders (D:2)
  A worm (D:2)
  A dart slug (D:1)
  A ball python (D:1)
  5 endoplasms
  A giant cockroach (D:1)
  A goblin (D:2)
  2 hobgoblins
  A jackal (D:1)
  5 bats
  2 frilled lizards (D:1)
  A kobold (D:1)
  3 rats (D:1)
26 creatures vanquished.

Vanquished Creatures (collateral kills)
  A worm (D:2)
1 creature vanquished.

Grand Total: 27 creatures vanquished

Notes
Turn   | Place    | Note
-------+----------+-------------------------------------------
     0 | D:1      | promet the Deep Elf Hedge Wizard began the quest for the
                  | Orb.
     0 | D:1      | Reached XP level 1. HP: 10/10 MP: 7/7
   555 | D:1      | Found a faded altar of an unknown god.
   637 | D:1      | Reached XP level 2. HP: 15/15 MP: 6/9
  2015 | D:2      | Learned a level 2 spell: Blink
  2018 | D:2      | Learned a level 2 spell: Call Imp
  2020 | D:2      | Learned a level 1 spell: Slow
  2066 | D:2      | Reached XP level 3. HP: 13/20 MP: 0/11
  2790 | D:2      | HP: 1/20 [poisoned by an adder]
  2791 | D:2      | Succumbed to an adder's poison

Illustrated notes

Levels and vault maps discovered:
D:1:      minmay_arrival_wavy_path, layout_basic,
          shapermc_ecumenical_altar_starsandcircs, minmay_tetromino_s2
D:2:      layout_loops_ring, minmay_misc_feat_ornament,
          kennysheep_generic_room_16

Skill      XL: |  1  2 |
---------------+-------+-----
Dodging        | 3 |  3.1
Stealth        | 3 |  3.5
Fighting       | |  0.8
Short Blades   | |  0.4
Maces & Flails | |  0.1
Spellcasting   | |  4.8
Conjurations   | |  1.2
Summonings     | |  1.1
Translocations | |  1.1

Action                   || total
-------------------------++-------
Melee: Dagger            ||    40
       Mace              ||    24
 Cast: Magic Dart        ||    25
       Blink             ||     1
       Call Imp          ||     2
  Use: Potion            ||     2
       Scroll            ||     1
 Stab: Sleeping          ||     8
Armor: Robe              ||    14
Dodge: Dodged            ||    45
